AoeStats
← 玩印度的哥们硬不起来

Arena

509317228Analyzed
2v2 RM · 6d ago on Sep 26, 2026· 34m 26s· 4 players
Game mode
Random Map
Map size
Medium (4 player)
Population
200
Speed
Normal
Resources
Standard
Victory
Conquest
Starting age
Dark Age
Ending age
Imperial Age
RankedLock teamsTeams togetherTeam positionsShared explorationLock speedFull tech treeHidden civsTurbo modeCheats
Victory
Defeat
🇹🇷 Varangians · Türkiye
1523
+16
🇹🇷 Turks · Türkiye
1498
+17
🇦🇷 Celts · Argentina
1574
-20
1448
-13
Anatoly
11:52 Feudal Age
15:37 Castle Age
14:29 Double-Bit Axe
21:22 Imperial Age
18:52 Horse Collar
19:11 Gold Mining
22:07 Padded Archer Armor
22:31 Bow Saw
28:07 Loom
30:45 Husbandry
funk
10:02 Feudal Age
13:52 Castle Age
12:33 Double-Bit Axe
13:52 Horse Collar
14:33 Bloodlines
16:49 Light Cavalry
20:16 Husbandry
28:52 Loom
30:59 Bow Saw
30:50 Heavy Plow
34:37 Imperial Age
33:33 Wheelbarrow
32:44 Town Watch
33:19 Scale Barding Armor
[QHB]Hammer warriors
11:20 Feudal Age
12:04 Double-Bit Axe
15:21 Castle Age
13:08 Horse Collar
16:12 Bow Saw
16:48 Pikeman
26:17 Heavy Plow
29:17 Wheelbarrow
33:40 Hand Cart
33:31 Scale Mail Armor
33:41 Forging
33:36 Gold Mining
玩印度的哥们硬不起来
7:47 Loom
11:11 Feudal Age
15:37 Castle Age
14:11 Double-Bit Axe
14:43 Horse Collar
16:57 Bow Saw
22:21 Fletching
23:44 Elite Skirmisher
25:30 Wheelbarrow
26:43 Gold Mining
28:09 Bodkin Arrow
28:55 Ballistics
29:27 Padded Archer Armor
30:51 Leather Archer Armor
33:09 Redemption
Connection lost

Rejoining the realm…

Still unreachable

The connection could not be restored.

Session expired

The server has moved on; the page needs a fresh start.